 Dungeon Crawl Stone Soup version 0.21.1-1-g345015f (webtiles) character file.

89 shakethe the Insei (level 4, -3/28 HPs)
             Began as an Octopode Transmuter on Feb 7, 2018.
             Slain by a bullfrog skeleton (7 damage)
             ... on level 2 of the Dungeon.
             The game lasted 00:04:49 (1263 turns).

shakethe the Insei (Octopode Transmuter)            Turns: 1263, Time: 00:04:50

Health: -3/28      AC:  1    Str:  9    XL:     4   Next: 55%
Magic:  6/8        EV: 13    Int: 15    God:
Gold:   61         SH:  0    Dex: 13    Spells: 4/8 levels left

rFire    . . .     SeeInvis .     - Unarmed
rCold    . . .     Gourm    .   (no shield)
rNeg     . . .     Faith    +   (helmet restricted)
rPois    .         Spirit   .   p - amulet of faith
rElec    .         Reflect  .   f - ring of teleportation (curse)
rCorr    .         Harm     .   n - ring of wizardry
MR       .....     Rnd*Tele +   (no ring)
Stlth    ++........             (no ring)
HPRegen  0.09/turn              (no ring)
MPRegen  0.11/turn              (no ring)
                                (no ring)
                                (no ring)

@: no status effects
A: almost no armour, stealthy swim, amphibious, 8 rings, constrict 8, camouflage
1, gelatinous body 1
a: no special abilities


You were on level 2 of the Dungeon.
You were hungry.

You visited 1 branch of the dungeon, and saw 2 of its levels.

You collected 61 gold pieces.

Inventory:

Missiles
 a - 12 arrows
Jewellery
 e - an uncursed amulet of the gourmand {unknown}
 f - a cursed ring of teleportation (left tentacle)
 n - a ring of wizardry (right tentacle)
 p - an amulet of faith (around mantle)
Scrolls
 g - a scroll of magic mapping
 j - a scroll of identify
 k - a scroll of teleportation
Potions
 d - a potion of berserk rage {unknown}
 h - 2 potions of flight {unknown}
 l - a potion of lignification {unknown}
 m - 2 potions of invisibility {unknown}
 q - a potion of curing {unknown}
Books
 b - a book of Changes

   Spells                             Type                      Level
   a - Beastly Appendage              Transmutation                1
   b - Sticks to Snakes               Transmutation                2
   c - Spider Form                    Transmutation/Poison         3
   d - Ice Form                       Ice/Transmutation            4
   e - Blade Hands                    Transmutation                5
Comestibles
 c - 3 rations
 o - 3 chunks of flesh


   Skills:
 - Level 1.0 Fighting
 - Level 2.0 Dodging
 + Level 3.6 Unarmed Combat
 + Level 2.6 Spellcasting
 * Level 3.5 Transmutations


You had 4 spell levels left.
You knew the following spells:

 Your Spells              Type           Power        Failure   Level  Hunger
a - Beastly Appendage     Tmut           ##....       1%          1    #......
b - Spider Form           Tmut/Pois      #.........   12%         3    ###....


Dungeon Overview and Level Annotations

Branches:
Dungeon (2/15)

Altars:


Innate Abilities, Weirdness & Mutations

You cannot wear most types of armour.
You are very stealthy in the water. (Stealth+)
You are amphibious.
You can wear up to eight rings at the same time.
You can use your tentacles to constrict eight enemies at once.
Your skin changes colour to match your surroundings (Stealth+).
Your rubbery body absorbs attacks. (AC +1, EV +1)


Message History

The bullfrog skeleton hits you.
You hit the bullfrog skeleton but do no damage.
The bullfrog skeleton is lightly damaged.
The bullfrog skeleton completely misses you.
The bullfrog skeleton hits you.
You hit the bullfrog skeleton.
The bullfrog skeleton is moderately damaged.
The bullfrog skeleton hits you.
You are feeling hungry.
The bullfrog skeleton closely misses you.
Your transformation is almost over.
The bullfrog skeleton barely misses you.
The bullfrog skeleton barely misses you.
The bullfrog skeleton hits you.
* * * LOW HITPOINT WARNING * * *
The bullfrog skeleton hits you.
* * * LOW HITPOINT WARNING * * *
Your transformation has ended.
The bullfrog skeleton hits you!
You die...

#.###.####.# #.# #.#
#....... ..##..# #.# #.#
##.# ##...... #...#.#
#.###.####..#######.....
..###.#
#........#..............
.####.#
#........#..#######.....
.###..#
#........#..#*****#.#.#.
.##...#
#...........#*,,,,.###..
.##.###
##......Z#.##*,**##,*,##
.##.#######...).@...# *,*
**>**
.....<....).......#####.#
*,*
###.....[...............#
*,**
#################.#####
*,,** #.#********,*,*
#.#,,,,,,,,*,**
#(#,******,*,* #.#,*
*,*,** #.#,* *,,,,*


You could see a bullfrog skeleton.

Vanquished Creatures
  Jessica (D:2)
  2 adders (D:2)
  3 worms (D:2)
  A leopard gecko (D:2)
  A giant cockroach (D:1)
  4 goblins
  8 hobgoblins
  6 kobolds
  A quokka (D:2)
  A ball python (D:2)
  4 bats
  A frilled lizard (D:2)
  3 rats
36 creatures vanquished.

Notes
Turn   | Place    | Note
-------+----------+-------------------------------------------
     0 | D:1      | shakethe the Octopode Transmuter began the quest for the Orb.
     0 | D:1      | Reached XP level 1. HP: 13/13 MP: 3/3
   140 | D:1      | Reached XP level 2. HP: 16/18 MP: 5/5
   725 | D:2      | Reached XP level 3. HP: 23/23 MP: 4/6
   747 | D:2      | Noticed Jessica
   799 | D:2      | Killed Jessica
   799 | D:2      | Reached XP level 4. HP: 12/28 MP: 5/7
  1169 | D:2      | Learned a level 3 spell: Spider Form
  1263 | D:2      | Slain by a bullfrog skeleton

Skill      XL: |  1  2  3 |
---------------+----------+-----
Transmutations | 3 |  3.5
Fighting       | |  1.0
Dodging        | |  2.0
Unarmed Combat | |  3.6
Spellcasting   | |  2.6

Action                   |  1- 3 |  4- 6 || total
-------------------------+-------+-------++-------
Melee: Unarmed           |    54 |    27 ||    81
       Constrict         |    17 |     6 ||    23
       Tentacles         |     5 |     5 ||    10
       Kick              |     7 |     6 ||    13
 Cast: Beastly Appendage |     8 |     4 ||    12
       Spider Form       |       |     2 ||     2
  Use: Scroll            |       |     4 ||     4
 Stab: Sleeping          |     4 |       ||     4
  Eat: Chunk             |       |     1 ||     1
Armor: Skin              |     7 |     6 ||    13
Dodge: Dodged            |    26 |    28 ||    54
